 Dungeon Crawl Stone Soup version 0.23.2-40-g277498a001 (webtiles) character file.

Game seed: 1448208820141571300

172 Ivernyr the Digger (level 5, 22/42 HPs)
             Began as a Deep Dwarf Earth Elementalist on Oct 4, 2019.
             Quit the game on level 3 of the Dungeon.
             The game lasted 00:10:27 (2136 turns).

Ivernyr the Digger (Deep Dwarf Earth Elementalist)  Turns: 2136, Time: 00:10:27

Health: 22/42      AC:  3    Str: 11    XL:     5   Next: 27%
Magic:  8/8        EV: 13    Int: 17    God:
Gold:   146        SH:  0    Dex: 13    Spells: 8/9 levels left

rFire    . . .     SeeInvis .   g - +0 dagger
rCold    . . .     Gourm    .   (no shield)
rNeg     . . .     Faith    .   c - +0 robe
rPois    .         Spirit   .   (no helmet)
rElec    .         Reflect  .   o - +0 cloak
rCorr    .         Harm     .   (no gloves)
MR       .....                  (no boots)
Stlth    ++........             (no amulet)
HPRegen  0.00/turn              (no ring)
MPRegen  0.11/turn              (no ring)

@: mildly poisoned (22 -> 22), non-regenerating
A: damage resistance, heal wounds, sense surroundings 1, no regeneration
a: Heal Wounds


You were on level 3 of the Dungeon.
You were not hungry.

You visited 1 branch of the dungeon, and saw 3 of its levels.

You collected 146 gold pieces.

Inventory:

Hand Weapons
 g - a +0 dagger (weapon)
Missiles
 b - 13 stones (quivered)
Armour
 c - a +0 robe (worn)
 o - a +0 cloak (worn)
Scrolls
 a - 6 scrolls of remove curse {unknown}
 e - a scroll of teleportation {unknown}
 i - a scroll of enchant weapon {unknown}
 m - 2 scrolls of blinking {unknown}
 n - 2 scrolls of identify {unknown}
 p - a scroll of amnesia {unknown}
 q - a scroll of enchant armour {unknown}
Potions
 f - a potion of brilliance {unknown}
 h - a potion of might {unknown}
 j - a potion of cancellation {unknown}
 k - 2 potions of curing {unknown}
 l - a potion of flight {unknown}
Comestibles
 d - 2 rations


   Skills:
 + Level 3.4 Dodging
 - Level 2.4 Stealth
 + Level 2.7 Spellcasting
   Level 0.8 Transmutations
 * Level 6.3 Earth Magic


You had 8 spell levels left.
You knew the following spells:

 Your Spells              Type           Power        Failure   Level  Hunger
a - Sandblast             Erth           ###...       1%          1    #......

Your spell library contained the following spells:

 Spells                   Type           Power        Failure   Level  Hunger
 Passwall                 Tmut/Erth      ##......     6%          2    ##.....
 Stone Arrow              Conj/Erth      ##....       14%         3    ###....
 Lee's Rapid Deconstruct  Erth           ###.......   36%         5    ######.
 Petrify                  Tmut/Erth      ##......     38%         4    #####..


Dungeon Overview and Level Annotations

Branches:
Dungeon (3/15)

Altars:
Dithmenos
The Shining One


Innate Abilities, Weirdness & Mutations

You are resistant to damage.
You can heal yourself by infusing magical energy.
You passively map a small area around you.
You do not regenerate.


Message History

The adder is moderately wounded.
The adder bites you.
You are poisoned.
The adder poisons you!
You hit the adder.
The adder is heavily wounded.
The adder misses you. The adder bites you.
You are more poisoned.
The adder poisons you!
You hit the adder.
You kill the adder!
You see here an adder corpse.
You see here a club.
You see here an adder corpse.
You butcher the adder corpse.
r - a chunk of flesh You see here an adder skeleton.
Eat a chunk of flesh? (ye/n/q)
You eat the chunk of flesh.
This raw flesh tastes terrible.
Are you sure you want to abandon this character and quit the game? (Confirm with "yes".)

#.. ,, ,_..o# * .
#.#*** o... . #.#
*,..## #. #.#
###.>.#*
#.##*#.####S.%#
#...##.....)###
**, *
*##...).##### , ,
#....)###### *, ,
*#..#.).@....# ,
, ,
,.>.*##.#####.#
,, , .. *#...##*
, * *# ###..#* *
, , * , *
#.#####.# * , *
#.......#####.. ,
# *
######...>..... *
#.#### ##...#####
,..
...#######..#...#
.. *


There were no monsters in sight!

Vanquished Creatures
  An orc priest (D:3)
  A worker ant (D:2)
  5 adders
  A worm (D:2)
  5 leopard geckos
  5 orcs (D:3)
  A ball python (D:2)
  2 giant cockroaches (D:2)
  2 goblins
  8 hobgoblins
  6 jackals
  2 quokkas (D:2)
  3 bats
  6 frilled lizards
  7 kobolds
  8 rats
63 creatures vanquished.

Notes
Turn   | Place    | Note
-------+----------+-------------------------------------------
     0 | D:1      | Ivernyr the Deep Dwarf Earth Elementalist began the quest
                  | for the Orb.
     0 | D:1      | Reached XP level 1. HP: 15/15 MP: 3/3
   422 | D:1      | Reached XP level 2. HP: 16/22 MP: 2/4
   893 | D:2      | Reached XP level 3. HP: 14/28 MP: 2/6
   962 | D:2      | Reached skill level 5 in Earth Magic
  1084 | D:2      | Reached XP level 4. HP: 14/36 MP: 5/7
  2006 | D:3      | Reached skill level 6 in Earth Magic
  2006 | D:3      | Reached XP level 5. HP: 12/42 MP: 5/8
  2048 | D:3      | Found a glowing golden altar of the Shining One.
  2048 | D:3      | Found a shadowy altar of Dithmenos.
  2136 | D:3      | Quit the game

Skill      XL: |  1  2  3  4 |
---------------+-------------+-----
Spellcasting   | 2 |  2.7
Earth Magic    | 5 6 |  6.3
Dodging        | 3 |  3.4
Stealth        | |  2.4
Transmutations | |  0.8

Action                   |  1- 3 |  4- 6 || total
-------------------------+-------+-------++-------
Melee: Dagger            |    56 |    81 ||   137
Throw: Stone             |       |     1 ||     1
 Cast: Sandblast         |    22 |    33 ||    55
 Abil: Heal Wounds       |     1 |     1 ||     2
 Stab: Sleeping          |     5 |     4 ||     9
  Eat: Chunk             |     1 |     4 ||     5
Armor: Robe              |     5 |    10 ||    15
Dodge: Dodged            |    29 |    56 ||    85
